 Dungeon Crawl Stone Soup version 0.24-a0-201-gf205589 (webtiles) character file.

Game seed: 11714453433914052683

11 Borgoz the Grave Robber (level 2, 12/22 HPs)
             Began as a Deep Dwarf Necromancer on Mar 24, 2019.
             Quit the game on level 1 of the Dungeon.
             The game lasted 00:02:12 (384 turns).

Borgoz the Grave Robber (Deep Dwarf Necromancer)     Turns: 384, Time: 00:02:13

Health: 12/22      AC: 10    Str: 11    XL:     2   Next: 13%
Magic:  4/4        EV:  2    Int: 15    God:
Gold:   4          SH:  0    Dex: 13    Spells: 3/4 levels left

rFire    . . .     SeeInvis .   l - +0 dagger (holy)
rCold    . . .     Gourm    .   (no shield)
rNeg     . . .     Faith    .   f - +0 plate armour
rPois    .         Spirit   .   (no helmet)
rElec    .         Reflect  .   (no cloak)
rCorr    .         Harm     .   (no gloves)
MR       .....                  (no boots)
Stlth    ..........             i - amulet of inaccuracy (curse)
HPRegen  0.00/turn              (no ring)
MPRegen  0.09/turn              (no ring)

@: non-regenerating
A: damage resistance, heal wounds, sense surroundings 1, no regeneration
a: Heal Wounds


You were on level 1 of the Dungeon.
You were not hungry.

You visited 1 branch of the dungeon, and saw 1 of its levels.

You collected 4 gold pieces.

Inventory:

Hand Weapons
 e - a +0 dagger
 l - a +0 dagger of holy wrath (weapon)
Armour
 a - a +0 robe
 f - a +0 plate armour (worn)
Jewellery
 i - a cursed amulet of inaccuracy (around neck)
Scrolls
 j - 3 scrolls of identify {unknown}
 k - a scroll of enchant weapon {unknown}
Potions
 b - a potion of curing {unknown}
 d - a potion of lignification {unknown}
 h - a potion of flight {unknown}
 m - a potion of agility {unknown}
 n - a potion of degeneration {unknown}
Comestibles
 c - 3 rations
 g - 8 chunks of flesh


   Skills:
 + Level 0.2 Fighting
 * Level 0.7 Short Blades
 + Level 0.3 Armour
 + Level 2.3 Dodging
 + Level 2.6 Stealth
 + Level 1.8 Spellcasting
 + Level 4.4 Necromancy


You had 3 spell levels left.
You knew the following spells:

 Your Spells              Type           Power        Failure   Level  Hunger
a - Pain                  Necr           ##..         100%        1    ##.....

Your spell library contained the following spells:

 Spells                   Type           Power        Failure   Level  Hunger
 Animate Skeleton         Necr           N/A          100%        1    ##.....
 Vampiric Draining        Necr           ##........   100%        3    ####...
 Animate Dead             Necr           N/A          100%        4    #####..
 Regeneration             Chrm/Necr      Unusable     N/A         3    N/A

Dungeon Overview and Level Annotations

Branches:
Dungeon (1/15)

Altars:


Innate Abilities, Weirdness & Mutations

You are resistant to damage.
You can heal yourself by infusing magical energy.
You passively map a small area around you.
You do not regenerate.


Message History

The hobgoblin hits you but does no damage.
You barely miss the hobgoblin.
The hobgoblin is severely wounded.
The hobgoblin hits you but does no damage.
You hit the hobgoblin.
You kill the hobgoblin!
Things that are here:
a cursed -1 club; a +0 club; a hobgoblin corpse
Things that are here:
a cursed -1 club; a +0 club; a hobgoblin corpse You butcher the hobgoblin corpse.
g - 8 chunks of flesh (gained 3)
Things that are here:
a cursed -1 club; a +0 club; a hobgoblin skeleton
Okay, then.
j - 3 scrolls labeled REGGAE HUMINUB (gained 1)
There is a stone staircase leading down here.
n - a white potion
Okay, then.
Are you sure you want to abandon this character and quit the game? (Confirm with "yes".)

##.### #.#.##, ,......###
######.#..#,# , #......#
#......##.#.###### *,*#.#.#
#.####.##.#.##.... ,,
#.#)###.####......##.### ,
, #...............####÷##÷
*.####..)..###.##....##....
#.........>###..#.##.##.###
##.##.#...@.....##.#.÷.....
, , #.....#####....##...###
* #..##...# ##.#..÷.#.# #.>
#...# #.....##.#
..##....... ...##.#.##.# *
#. #.#...#####.........# ,,
,........ , ..#...#.## ,
.......... ......... *
...............#.### ,


There were no monsters in sight!

Vanquished Creatures
  A goblin (D:1)
  3 hobgoblins (D:1)
  A ball python (D:1)
  2 bats (D:1)
  A frilled lizard (D:1)
  A kobold (D:1)
  3 rats (D:1)
12 creatures vanquished.

Notes
Turn   | Place    | Note
-------+----------+-------------------------------------------
     0 | D:1      | Borgoz the Deep Dwarf Necromancer began the quest for the
                  | Orb.
     0 | D:1      | Reached XP level 1. HP: 15/15 MP: 3/3
   329 | D:1      | Reached XP level 2. HP: 16/22 MP: 4/4
   384 | D:1      | Quit the game

Levels and vault maps discovered:
D:1:      dpeg_arrival_orchard, layout_loops_cross, st_stairs_7,
          minmay_pentomino_z2

Action                   || total
-------------------------++-------
Melee: Dagger            ||   151
 Cast: Pain              ||     1
Armor: Plate armour      ||   180
Dodge: Dodged            ||    14

Table legend:
 A = Non-vault XP
 B = Vault XP
 C = Vault XP percentage of total XP
 D = Non-vault monster count
 E = Vault monster count
 F = Vault count percentage of total count
                 A         B        C        D         E       F
            +---------+---------+-------+---------+---------+-------
      Total |      10 |       6 |  37.5 |       8 |       4 |  33.3
            +---------+---------+-------+---------+---------+-------
        D:1 |      10 |       6 |  37.5 |       8 |       4 |  33.3
            +---------+---------+-------+---------+---------+-------
